 Dungeon Crawl Stone Soup version 0.22.1-1-ga44c0e5 (webtiles) character file.

295 Folque the Sneak (level 6, -4/40 HPs)
             Began as an Octopode Wizard on Sept 29, 2018.
             Killed by divine providence
             ... invoked by an orc priest
              (13 damage)
             ... on level 4 of the Dungeon.
             The game lasted 00:11:25 (2836 turns).

Folque the Sneak (Octopode Wizard)                  Turns: 2836, Time: 00:11:26

Health: -4/40      AC:  3    Str:  6    XL:     6   Next: 34%
Magic:  9/11       EV: 13    Int: 21    God:
Gold:   179        SH:  0    Dex: 10    Spells: 0/11 levels left

rFire    . . .     SeeInvis .   p - +0 scimitar
rCold    . . .     Gourm    .   (no shield)
rNeg     . . .     Faith    .   a - +0 hat
rPois    .         Spirit   .   (no amulet)
rElec    .         Reflect  .   (no ring)
rCorr    .         Harm     .   (no ring)
MR       .....     Rnd*Rage +   (no ring)
Stlth    +++.......             (no ring)
HPRegen  0.13/turn              (no ring)
MPRegen  0.12/turn              (no ring)
                                (no ring)
                                (no ring)

@: no status effects
A: almost no armour, stealthy swim, amphibious, 8 rings, constrict 8, slimy
green scales 1, camouflage 1, berserk 1, blink, dopey 1, gelatinous body 1
a: Blink


You were on level 4 of the Dungeon.
You were not hungry.

You visited 1 branch of the dungeon, and saw 4 of its levels.

You collected 179 gold pieces.

Inventory:

Hand Weapons
 b - a +0 dagger
 p - a +0 scimitar (weapon)
Missiles
 e - 26 poisoned needles
 i - 8 javelins
 k - 8 javelins of returning (quivered)
Armour
 a - a +0 hat (worn)
Jewellery
 q - an uncursed amulet of guardian spirit {unknown}
 s - an uncursed amulet of regeneration {unknown}
Wands
 f - a wand of iceblast (20)
Scrolls
 d - a scroll of identify
 g - 2 scrolls of remove curse {unknown}
 h - 2 scrolls of enchant armour {unknown}
 m - 3 scrolls of magic mapping {unknown}
 r - a scroll of fog {unknown}
Potions
 j - a potion of flight {unknown}
 l - 2 potions of mutation
 n - a potion of degeneration {unknown}
Comestibles
 c - 7 rations
 o - 2 chunks of flesh


   Skills:
 - Level 2.3 Fighting
 - Level 2.0 Dodging
 - Level 4.0 Stealth
 + Level 3.4 Spellcasting
 * Level 2.6 Conjurations
 - Level 1.0 Summonings
 - Level 1.0 Translocations
 - Level 2.4 Air Magic
 - Level 3.1 Poison Magic


You couldn't memorise any spells.
You knew the following spells:

 Your Spells              Type           Power        Failure   Level  Hunger
a - Magic Dart            Conj           ##..         4%          1    None
b - Call Imp              Summ           #.......     13%         2    ##.....
c - Blink                 Tloc           N/A          13%         2    ##.....
d - Mephitic Cloud        Conj/Pois/Air  ###.....     12%         3    ###....
e - Conjure Flame         Conj/Fire      #.......     22%         3    ###....

Your spell library contained the following spells:

 Spells                   Type           Power        Failure   Level  Hunger
 Slow                     Hex            #.......     19%         2    ##.....


Dungeon Overview and Level Annotations

Branches:
Dungeon (4/15)
 Temple: D:4-7

Altars:
Ru
Zin


Innate Abilities, Weirdness & Mutations

You cannot wear most types of armour.
You are very stealthy in the water. (Stealth+)
You are amphibious.
You can wear up to eight rings at the same time.
You can use your tentacles to constrict eight enemies at once.
Your skin changes colour to match your surroundings (Stealth+).
Your rubbery body absorbs attacks. (AC +1, EV +1)
You are partially covered in slimy green scales. (AC +2)
You tend to lose your temper in combat.
You can translocate small distances at will.
You are dopey. (Int -2)


Message History

The giant cockroach bites you. The giant cockroach closely misses you.
You hit the giant cockroach.
The giant cockroach is moderately wounded.
You constrict the giant cockroach. The giant cockroach barely misses you.
You hit the giant cockroach.
You kill the giant cockroach!
Items here: $ ))) ? [[ † You hit the orc priest.
You grab the orc priest.
The orc priest is heavily wounded.
You constrict the orc priest, but do no damage.
The orc priest barely misses you.
You hit the orc priest.
The orc priest is almost dead.
You constrict the orc priest.
The orc priest seems less confused.
The orc priest invokes the aid of Beogh against you.
Beogh smites you!
* * * LOW HITPOINT WARNING * * *
The orc priest calls down the wrath of Beogh upon you.
Beogh smites you!
You die...

..
##.............####
#
##...............#
##
##..............#
.##.##
###........#####
......# ##......##
.......#####..#####
.........)....#
.........###..##
.......@..###..#
......o...#
#<.#########
.........##
##.........#
.........#
##.........#
.........#
#...........
........o#
#...........
........##
#...........
........#
#..>........
##..........


You could see an orc priest and an orc (confused).

Vanquished Creatures
  2 hounds (D:4)
  Jessica (D:3)
  2 worker ants (D:4)
  6 adders
  An ooze (D:4)
  4 worms
  A dart slug (D:2)
  2 leopard geckos
  7 orcs
  3 bats (D:2)
  2 giant cockroaches
  10 goblins
  A hobgoblin (D:2)
  2 jackals (D:2)
  8 kobolds
  A ball python (D:4)
  5 frilled lizards
  8 rats
66 creatures vanquished.

Vanquished Creatures (collateral kills)
  An iguana (D:4)
  An adder (D:2)
  2 worms
  2 kobolds (D:2)
  A quokka (D:2)
7 creatures vanquished.

Grand Total: 73 creatures vanquished

Notes
Turn   | Place    | Note
-------+----------+-------------------------------------------
     0 | D:1      | Folque the Octopode Wizard began the quest for the Orb.
     0 | D:1      | Reached XP level 1. HP: 11/11 MP: 4/4
   742 | D:2      | Reached skill level 1 in Fighting
   742 | D:2      | Reached XP level 2. HP: 15/18 MP: 1/6
   767 | D:2      | Learned a level 2 spell: Call Imp
   771 | D:2      | Learned a level 2 spell: Blink
   848 | D:2      | Gained mutation: You are partially covered in slimy green
                  | scales. (AC +2) [potion of mutation]
   848 | D:2      | Gained mutation: You tend to lose your temper in combat.
                  | [potion of mutation]
   848 | D:2      | Gained mutation: You are dopey. (Int -2) [potion of
                  | mutation]
   848 | D:2      | Gained mutation: You can translocate small distances at
                  | will. [potion of mutation]
   867 | D:2      | Reached XP level 3. HP: 22/24 MP: 1/7
  1169 | D:2      | Learned a level 3 spell: Mephitic Cloud
  1513 | D:2      | Reached skill level 1 in Poison Magic
  1570 | D:2      | Reached XP level 4. HP: 28/30 MP: 8/8
  1592 | D:2      | Reached skill level 3 in Stealth
  1866 | D:3      | Found a glowing silver altar of Zin.
  1889 | D:3      | Reached skill level 1 in Air Magic
  2239 | D:3      | Reached XP level 5. HP: 35/35 MP: 6/9
  2300 | D:3      | Noticed Jessica
  2307 | D:3      | Killed Jessica
  2528 | D:4      | Reached skill level 4 in Stealth
  2605 | D:4      | Reached XP level 6. HP: 40/40 MP: 0/10
  2610 | D:4      | Learned a level 3 spell: Conjure Flame
  2658 | D:4      | Found a sacrificial altar of Ru.
  2836 | D:4      | Killed from afar by an orc priest

Skill      XL: |  1  2  3  4  5 |
---------------+----------------+-----
Fighting       | 1 2 |  2.3
Conjurations   | 2 |  2.6
Poison Magic   | 1 3 |  3.1
Stealth        | 3 4 |  4.0
Air Magic      | 1 2 |  2.4
Dodging        | |  2.0
Spellcasting   | |  3.4
Summonings     | |  1.0
Translocations | |  1.0

Action                   |  1- 3 |  4- 6 || total
-------------------------+-------+-------++-------
Melee: Dagger            |   106 |    38 ||   144
       Constrict         |    16 |    30 ||    46
       Tentacles         |    14 |    12 ||    26
       Scimitar          |       |    49 ||    49
 Cast: Magic Dart        |    10 |    12 ||    22
       Call Imp          |     6 |     6 ||    12
       Mephitic Cloud    |       |     3 ||     3
  Use: Potion            |     3 |       ||     3
       Scroll            |     2 |       ||     2
 Stab: Sleeping          |     5 |    11 ||    16
  Eat: Chunk             |     2 |     5 ||     7
Armor: Skin              |    45 |    11 ||    56
Dodge: Dodged            |    50 |    45 ||    95
       Rpst.: Scimitar   |       |    16 ||    16
